[Event "Titled Tuesday Blitz April 19 Early 2022"]
[White "Terzi, Alexei"]
[Black "Dreev, Aleksey"]
[WhiteFideId "13505076"]
[BlackFideId "4100107"]
[WhiteElo "2031"]
[BlackElo "2625"]
[Result "0-1"]
[Round "05"]
[TimeControl "180+1"]
[Date "2022.04.19"]
[WhiteClock "0:00:02"]
[BlackClock "0:01:00"]

1. e4 c5 2. Nf3 e6 3. d4 cxd4 4. Nxd4 Nf6 5. Nc3 Nc6 6. Ndb5 Bc5 7. Nd6+ Ke7 8. Nc4 d5 9. exd5 exd5 10. Qe2+ Be6 11. Ne5 Nd4 12. Qd1 Qc7 13. Bf4 Qb6 14. Na4 Qb4+ 15. c3 Nc2+ 16. Qxc2 Qxf4 17. Nxc5 Qxe5+ 18. Be2 Rhc8 19. Nd3 Qg5 20. O-O Kf8 21. Bf3 Rc7 22. Qe2 Rd8 23. Qe5 Qxe5 24. Nxe5 d4 25. cxd4 Rxd4 26. Rfc1 Rxc1+ 27. Rxc1 Ke7 28. Bxb7 Rd2 29. b4 Kd6 30. Nf3 Rxa2 31. b5 Ng4 32. h3 Nxf2 33. Rc6+ Ke7 34. Nd4 Nd3 35. Nxe6 fxe6 36. Rc7+ Kf6 37. Bc6 Nf4 38. h4 h6 39. g3 Ne2+ 40. Kf1 Nxg3+ 41. Ke1 Nf5 42. Be8 g5 43. Rf7+ Ke5 44. hxg5 hxg5 45. Rc7 g4 46. Bh5 g3 47. Bf3 Nd4 48. Bg2 Rxg2 0-1


[Site "https://www.chess.com"]

[Event "Titled Tuesday Blitz April 19 Early 2022"]
[White "Tillyaev, Ulugbek"]
[Black "Derraugh, Geordie"]
[WhiteFideId "14202441"]
[BlackFideId "2603950"]
[WhiteElo "2377"]
[BlackElo "2116"]
[Result "1-0"]
[Round "05"]
[TimeControl "180+1"]
[Date "2022.04.19"]
[WhiteClock "0:01:01"]
[BlackClock "0:00:02"]

1. c4 Nf6 2. Nc3 d5 3. cxd5 Nxd5 4. e4 Nxc3 5. bxc3 c5 6. Nf3 g6 7. h4 h5 8. Bc4 Bg7 9. O-O O-O 10. Ba3 Qc7 11. Ng5 b6 12. f4 Bg4 13. Qe1 Nc6 14. e5 e6 15. d4 cxd4 16. Bxf8 Bxf8 17. cxd4 Nxd4 18. Rc1 Bc5 19. Kh2 Nf5 20. Ne4 Qe7 21. Nf6+ Kg7 22. g3 Rd8 23. Be2 Bb4 24. Qf2 Bxe2 25. Qxe2 Rd2 26. Qxd2 Bxd2 27. Rc8 Nh6 28. Rd1 Bb4 29. Rd7 Ng4+ 30. Kh3 Nxf6 31. Rxe7 Bxe7 32. exf6+ Kxf6 33. Rc7 a5 34. Rb7 Bc5 35. a4 Kg7 36. Kg2 Kf6 37. Kf3 Kg7 38. Ke4 Kf6 39. Kf3 Kg7 40. g4 hxg4+ 41. Kxg4 Kf6 42. Rb8 Kg7 43. Rb7 Kf6 44. Rc7 Kg7 45. Kg5 Bd4 46. h5 Bf6+ 47. Kg4 gxh5+ 48. Kxh5 Bd4 49. Kg5 Bc5 50. Rd7 Be3 51. Kg4 Bc5 52. Kf3 Kf6 53. Ke4 Bf2 54. Rd2 Bc5 55. Rd7 Bf2 56. Rd6 Bc5 57. Rc6 Bf2 58. f5 Bc5 59. Kf4 Bd4 60. Rd6 Bc5 61. Rc6 Bd4 62. Ke4 Bc5 63. fxe6 fxe6 64. Kd3 Bf2 65. Rc4 Bc5 66. Re4 Kf5 67. Re2 e5 68. Rh2 Ke6 69. Ke4 Bd4 70. Rh6+ Kf7 71. Kd5 Kg7 72. Re6 Kf7 73. Rc6 Ke7 74. Rc7+ Kd8 75. Rf7 Ke8 76. Rh7 Kf8 77. Rb7 Ke8 78. Ke6 Kd8 79. Kd6 Ke8 80. Re7+ Kf8 81. Ra7 Ke8 82. Rb7 Kf8 83. Ke6 Kg8 84. Kf5 Kf8 85. Ke6 Kg8 86. Kf6 e4+ 87. Kg6 Kf8 88. Rd7 Bc5 89. Kf6 Ke8 90. Rd5 e3 91. Ke6 e2 92. Re5 Kd8 93. Rxe2 Kc7 94. Kd5 Kd7 95. Re6 Kc7 96. Rc6+ Kd7 97. Rh6 Be3 98. Rh7+ Kd8 99. Kd6 Kc8 100. Kc6 Kd8 101. Kd6 Kc8 102. Rc7+ Kb8 103. Kc6 Bc5 104. Rd7 Be3 105. Rd8+ Ka7 106. Re8 Bc5 107. Re6 Ka6 108. Kc7 Ka7 109. Kc6 Bf2 110. Re8 Bc5 111. Rc8 Be3 112. Rc7+ Ka6 113. Rc8 Ka7 114. Rc7+ Ka6 115. Rf7 Bd4 116. Rf5 Be3 117. Rf8 Ka7 118. Re8 Bd4 119. Re7+ Ka6 120. Rb7 Bc5 121. Kc7 Bd4 122. Kb8 Be5+ 123. Ka8 Bb8 124. Kxb8 b5 125. axb5# 1-0


[Site "https://www.chess.com"]

[Event "Titled Tuesday Blitz April 19 Early 2022"]
[White "Timofeev, Artyom"]
[Black "Ajay Krishna, S"]
[WhiteFideId "4140419"]
[BlackFideId "5096430"]
[WhiteElo "2594"]
[BlackElo "2247"]
[Result "1-0"]
[Round "05"]
[TimeControl "180+1"]
[Date "2022.04.19"]
[WhiteClock "0:01:49"]
[BlackClock "0:00:06"]

1. e4 c5 2. Nc3 Nc6 3. Bb5 Nd4 4. Nf3 Nxb5 5. Nxb5 d6 6. d4 Nf6 7. O-O cxd4 8. Qxd4 a6 9. Nc3 e6 10. Bg5 Be7 11. Rad1 b5 12. e5 dxe5 13. Qxe5 Qb6 14. Bxf6 Bxf6 15. Nd5 Qc6 16. Nxf6+ gxf6 17. Qxf6 O-O 18. Ne5 Qxc2 19. Qg5+ Qg6 20. Nxg6 hxg6 21. h4 Bb7 22. h5 Be4 23. Rd4 Bf5 24. hxg6 Bxg6 25. Qf6 1-0


[Site "https://www.chess.com"]

[Event "Titled Tuesday Blitz April 19 Early 2022"]
[White "Tologon tegin, Semetei"]
[Black "Miszler, Levente"]
[WhiteFideId "13800574"]
[BlackFideId "763276"]
[WhiteElo "2258"]
[BlackElo "1966"]
[Result "0-1"]
[Round "05"]
[TimeControl "180+1"]
[Date "2022.04.19"]
[WhiteClock "0:00:53"]
[BlackClock "0:00:32"]

1. e4 e6 2. d4 d5 3. e5 c5 4. c3 Nc6 5. Nf3 Bd7 6. Be2 f6 7. exf6 Nxf6 8. O-O Qc7 9. Re1 O-O-O 10. Bd3 Bd6 11. dxc5 Bxc5 12. Be3 Bxe3 13. Rxe3 e5 14. Bb5 Ng4 15. h3 Nxe3 16. fxe3 Qb6 17. Bxc6 Qxe3+ 18. Kh1 Bxc6 19. Nbd2 d4 20. cxd4 exd4 21. Rc1 Kb8 22. b4 d3 23. b5 Bxf3 24. Nxf3 Rc8 25. Rb1 Rc2 26. Qf1 Rf2 27. Qg1 d2 28. Rd1 Rd8 29. Qh2+ Kc8 30. Qg3 Qe2 31. Qg4+ Kb8 32. Qf4+ Ka8 33. Rxd2 Qf1+ 34. Kh2 Qxg2# 0-1


[Site "https://www.chess.com"]

[Event "Titled Tuesday Blitz April 19 Early 2022"]
[White "Trost, Edvin"]
[Black "Legenia, Artem"]
[WhiteFideId "1729519"]
[BlackFideId "14136945"]
[WhiteElo "2160"]
[BlackElo "1936"]
[Result "1-0"]
[Round "05"]
[TimeControl "180+1"]
[Date "2022.04.19"]
[WhiteClock "0:01:37"]
[BlackClock "0:01:50"]

1. d4 b6 2. c4 Nf6 3. Nc3 Bb7 4. f3 e6 5. e4 d6 6. Be3 h6 7. Bd3 a6 8. Nge2 e5 9. O-O Nbd7 10. d5 g6 11. b4 Bg7 12. c5 bxc5 13. bxc5 Nxc5 14. Bxc5 dxc5 15. Na4 O-O 16. Nxc5 Bc8 17. Qc2 Nd7 18. Rfc1 Nxc5 19. Qxc5 f5 20. Qxc7 Qh4 21. d6 fxe4 22. Bxe4 1-0


[Site "https://www.chess.com"]

[Event "Titled Tuesday Blitz April 19 Early 2022"]
[White "Tsyhanchuk, Stanislav"]
[Black "De Silva, L M S T"]
[WhiteFideId "13505130"]
[BlackFideId "9953698"]
[WhiteElo "2078"]
[BlackElo "1631"]
[Result "0-1"]
[Round "05"]
[TimeControl "180+1"]
[Date "2022.04.19"]
[WhiteClock "0:00:03"]
[BlackClock "0:00:51"]

1. d4 Nf6 2. c4 e6 3. Nc3 Bb4 4. Nf3 O-O 5. Bg5 h6 6. Bh4 a5 7. e3 Be7 8. Bd3 b6 9. O-O Bb7 10. e4 d6 11. Qe2 Nh5 12. Bxe7 Qxe7 13. Qe3 e5 14. Rad1 Nf4 15. Bb1 Nd7 16. Nd5 Bxd5 17. exd5 Rae8 18. Rfe1 f5 19. dxe5 dxe5 20. Qd2 Qf6 21. d6 cxd6 22. Qxd6 Qxd6 23. Rxd6 Re7 24. g3 Nh3+ 25. Kg2 Ng5 26. Nxg5 hxg5 27. Red1 Nc5 28. Rxb6 e4 29. Rd5 f4 30. Rxc5 e3 31. fxe3 fxe3 32. Bd3 g4 33. Rg6 Rf2+ 34. Kg1 Rd2 35. Bf1 Rd1 36. Kg2 e2 37. Rc8+ Kh7 38. Rd6 exf1=Q# 0-1


[Site "https://www.chess.com"]

[Event "Titled Tuesday Blitz April 19 Early 2022"]
[White "Urazayev, Arystanbek"]
[Black "Ianov, Viktor"]
[WhiteFideId "13709810"]
[BlackFideId "14102730"]
[WhiteElo "2422"]
[BlackElo "2161"]
[Result "1/2-1/2"]
[Round "05"]
[TimeControl "180+1"]
[Date "2022.04.19"]
[WhiteClock "0:00:10"]
[BlackClock "0:01:17"]

1. d4 d6 2. e4 Nf6 3. Nc3 c6 4. Nf3 Bg4 5. h3 Bh5 6. Be2 e6 7. O-O d5 8. e5 Nfd7 9. Ne1 Bg6 10. f4 Be7 11. Be3 O-O 12. Nd3 Na6 13. g4 f5 14. Nf2 Nc7 15. Na4 b5 16. Nc5 Nxc5 17. dxc5 a5 18. a4 b4 19. Bd4 Na6 20. Bxa6 Rxa6 21. g5 Qe8 22. Nd3 Bh5 23. Qd2 Ra8 24. Kh2 Kh8 25. Rg1 Bf3 26. Qf2 Qh5 27. b3 Be4 28. Rae1 Bxd3 29. cxd3 g6 30. Re3 Kg7 31. Kg2 Rg8 32. Rg3 Kf7 33. Qf3 Raf8 34. Qf2 Ke8 35. Be3 Kd7 36. d4 Ra8 37. Kh2 Rgf8 38. Qf1 Rf7 39. Qd3 Rff8 40. Kg2 Rf7 41. Kf2 Rff8 42. Ke1 Rf7 43. Kd2 Rff8 44. Kc1 Rf7 45. Kb2 Rff8 46. R1g2 Rf7 47. Bd2 Rff8 48. Be1 Rf7 49. Qd2 Rff8 50. Kc2 Rf7 51. Qf2 Rff8 52. Qg1 Rf7 53. Qf1 Rff8 54. Qf3 Qxf3 55. Rxf3 Rg8 56. h4 Ke8 57. h5 Kf7 58. Rh3 Rg7 59. Rgh2 Rag8 60. Kd3 Rc8 61. Ke2 Rd8 62. Kf3 Rc8 63. Bf2 Rd8 64. Be3 Rc8 65. Bd2 Rd8 66. Bc1 Rb8 67. hxg6+ hxg6 68. Rh6 Rbg8 69. Be3 Bd8 70. Rh8 Be7 71. R8h3 Bd8 72. Ke2 Be7 73. Kd3 Bd8 74. Rh8 Be7 75. Ke2 Bd8 76. R8h3 Be7 77. Bf2 Bd8 78. Kf3 Be7 79. Rh1 Bf8 80. Rh7 Be7 81. Rh8 Bf8 82. Rxg8 Rxg8 83. Rh7+ Rg7 84. Rh8 Rg8 85. Rh7+ Rg7 86. Rh1 Rg8 87. Be3 Bg7 88. Bd2 Rb8 89. Rh7 Kg8 90. Rh2 Rb7 91. Ke2 Rb8 92. Kd3 Rb7 93. Rh3 Rb8 94. Rh2 Rb7 95. Rh1 Rb8 96. Rh2 1/2-1/2


[Site "https://www.chess.com"]

[Event "Titled Tuesday Blitz April 19 Early 2022"]
[White "Urbina Perez, Juan Antonio"]
[Black "Namitbir Singh Walia"]
[WhiteFideId "2217368"]
[BlackFideId "35071068"]
[WhiteElo "2192"]
[BlackElo "1565"]
[Result "1-0"]
[Round "05"]
[TimeControl "180+1"]
[Date "2022.04.19"]
[WhiteClock "0:01:14"]
[BlackClock "0:00:02"]

1. e4 c5 2. Nf3 Nc6 3. Bb5 g6 4. Bxc6 bxc6 5. O-O Bg7 6. Re1 d6 7. c3 Nf6 8. e5 dxe5 9. Nxe5 Qc7 10. d4 cxd4 11. Bf4 Nh5 12. Nxg6 Nxf4 13. Rxe7+ Qxe7 14. Nxe7 Kxe7 15. Qf3 Ne6 16. Qxc6 Bd7 17. Qe4 Rac8 18. Nd2 dxc3 19. bxc3 Bxc3 20. Rd1 Bxd2 21. Qd3 Rhd8 22. Qa3+ Ke8 23. Rxd2 Bb5 24. Rxd8+ Rxd8 25. h3 a6 26. Qc3 Rd3 27. Qh8+ Nf8 28. Qe5+ Ne6 29. Kh2 Rd7 30. Qh8+ Nf8 31. Qe5+ Ne6 32. Qb8+ Ke7 33. Qg3 Ke8 34. Qb3 Nf8 35. a4 Bc6 36. Qe3+ Ne6 37. Qb6 Bxa4 38. Qb8+ Ke7 39. Qb4+ 1-0


[Site "https://www.chess.com"]

[Event "Titled Tuesday Blitz April 19 Early 2022"]
[White "Valle Maytin, Luis Enrique"]
[Black "Nugumanov, Bakhtiyar"]
[WhiteFideId "3503666"]
[BlackFideId "13701797"]
[WhiteElo "2300"]
[BlackElo "2262"]
[Result "1-0"]
[Round "05"]
[TimeControl "180+1"]
[Date "2022.04.19"]
[WhiteClock "0:01:10"]
[BlackClock "0:00:03"]

1. e4 c6 2. d4 d5 3. e5 c5 4. dxc5 e6 5. a3 Bxc5 6. b4 Bb6 7. Nf3 Ne7 8. Bd3 Nbc6 9. O-O Ng6 10. Re1 O-O 11. Bb2 Bd7 12. Nbd2 Rc8 13. Rc1 Qe7 14. c4 dxc4 15. Nxc4 Bc7 16. Bxg6 hxg6 17. Qe2 Rfd8 18. Red1 Be8 19. Qe4 Nxb4 20. axb4 Bc6 21. Qe3 Qxb4 22. Rxd8+ Rxd8 23. Ba3 Qa4 24. Bd6 Bxd6 25. Nxd6 Qg4 26. h3 Qb4 27. Qc5 Qb2 28. Qc3 Qb6 29. Nd4 Bd5 30. Qc7 Qxc7 31. Rxc7 f6 32. N4b5 fxe5 33. Nxb7 Rb8 34. N5d6 e4 35. Nc5 Rb1+ 36. Kh2 Rc1 37. Nxe6 Re1 38. Rc8+ Kh7 39. Nf7 g5 40. Nfxg5+ 1-0


[Site "https://www.chess.com"]

[Event "Titled Tuesday Blitz April 19 Early 2022"]
[White "Vetokhin, Ilia"]
[Black "Sarkar, Justin"]
[WhiteFideId "24156078"]
[BlackFideId "2010011"]
[WhiteElo "1897"]
[BlackElo "2038"]
[Result "1/2-1/2"]
[Round "05"]
[TimeControl "180+1"]
[Date "2022.04.19"]
[WhiteClock "0:00:18"]
[BlackClock "0:00:03"]

1. d4 d5 2. c4 e6 3. g3 Be7 4. Bg2 Nf6 5. Nf3 O-O 6. O-O c6 7. Nc3 Nbd7 8. Qd3 b6 9. Rd1 Bb7 10. e4 dxe4 11. Nxe4 c5 12. Nxf6+ Nxf6 13. Be3 Rc8 14. dxc5 Qxd3 15. Rxd3 Bxc5 16. Bxc5 Rxc5 17. b3 Rfc8 18. Rb1 Kf8 19. Rbd1 Ke7 20. Nd4 Bxg2 21. Kxg2 a6 22. Nc2 b5 23. Ne3 bxc4 24. bxc4 g5 25. Rb1 R8c7 26. Ra3 R5c6 27. Ra5 h6 28. Re1 Kd8 29. Rh1 Nd7 30. h4 Nb6 31. hxg5 hxg5 32. Rxg5 Nxc4 33. Nxc4 Rxc4 34. Ra5 R7c6 35. Rd1+ Ke7 36. Rd2 R4c5 37. Ra4 Rc4 38. Ra5 R4c5 39. Rxc5 Rxc5 40. f4 Rc3 41. Kh3 a5 42. Kh2 a4 43. Rd4 Rc2+ 44. Kh3 Rxa2 45. Kg4 a3 46. Ra4 Kd6 47. Kg5 Kc5 48. g4 Kb5 49. Ra8 Kb4 50. Kf6 Rf2 51. f5 exf5 52. gxf5 Kb3 53. Ra5 a2 54. Ra8 Kb2 55. Rb8+ Kc1 56. Rc8+ Kb1 57. Rb8+ Rb2 58. Ra8 a1=Q 59. Rxa1+ Kxa1 60. Kxf7 Rf2 61. f6 Kb2 62. Ke7 Rxf6 63. Kxf6 1/2-1/2


[Site "https://www.chess.com"]

[Event "Titled Tuesday Blitz April 19 Early 2022"]
[White "Vidonyak, Roman"]
[Black "Zemerov, Vladimir"]
[WhiteFideId "14100622"]
[BlackFideId "4111583"]
[WhiteElo "2448"]
[BlackElo "2277"]
[Result "0-1"]
[Round "05"]
[TimeControl "180+1"]
[Date "2022.04.19"]
[WhiteClock "0:00:12"]
[BlackClock "0:01:02"]

1. d4 d6 2. c4 g6 3. Nc3 Bg7 4. e4 Nc6 5. Nge2 e5 6. d5 Nd4 7. Be3 Bg4 8. h3 Bxe2 9. Bxe2 c5 10. dxc6 bxc6 11. O-O Ne7 12. Qd2 O-O 13. Rab1 Rb8 14. Bd3 f5 15. Bxd4 exd4 16. Ne2 f4 17. Nxf4 Bh6 18. g3 c5 19. Kg2 Qd7 20. f3 Nc6 21. Kh2 Ne5 22. b3 Nxd3 23. Qxd3 Bxf4 24. gxf4 Rxf4 25. Rg1 Rbf8 26. Rbf1 Qf7 27. Rg3 Qf6 28. b4 h5 29. bxc5 dxc5 30. e5 Qf5 31. Rxg6+ Kh7 32. Qxf5 R4xf5 33. Ra6 Rxf3 34. Rxa7+ Kg6 35. Ra6+ Kg5 36. Rg1+ Kh4 37. Rag6 Rxh3+ 38. Kg2 Rf4 39. e6 Re4 40. Rf1 Re2+ 41. Kg1 Rg3+ 42. Rxg3 Kxg3 43. a4 Rxe6 44. Ra1 d3 45. a5 d2 46. Kf1 Kf3 47. a6 Rxa6 48. Rd1 Rd6 49. Kg1 Ke2 0-1


[Site "https://www.chess.com"]

[Event "Titled Tuesday Blitz April 19 Early 2022"]
[White "Vlassov, Nikolai"]
[Black "Chernyavsky, Alexander"]
[WhiteFideId "4103360"]
[BlackFideId "24131156"]
[WhiteElo "2407"]
[BlackElo "2292"]
[Result "1-0"]
[Round "05"]
[TimeControl "180+1"]
[Date "2022.04.19"]
[WhiteClock "0:00:12"]
[BlackClock "0:00:03"]

1. e4 e6 2. d4 d5 3. exd5 exd5 4. Nf3 Bd6 5. c4 Nf6 6. c5 Be7 7. Bd3 b6 8. cxb6 axb6 9. O-O O-O 10. Re1 c5 11. Nc3 Nc6 12. h3 h6 13. Bf4 Ra5 14. a3 c4 15. Bc2 b5 16. Rc1 b4 17. axb4 Nxb4 18. Bb1 Be6 19. Ne5 Qb6 20. Be3 Nc6 21. Qd2 Rb8 22. Nxc4 dxc4 23. d5 Qxb2 24. dxe6 Qxd2 25. Bxd2 Rb2 26. Ne4 Rab5 27. Bc3 Rxb1 28. Rxb1 Rxb1 29. Nxf6+ Bxf6 30. Rxb1 Bxc3 31. Rb8+ Nxb8 32. e7 Nd7 33. e8=Q+ Nf8 34. Qc6 Bf6 35. Qxc4 g6 36. g3 h5 37. Kg2 Kg7 38. f4 Ne6 39. Qd5 Nd4 40. g4 hxg4 41. hxg4 Ne6 42. Kf3 g5 43. fxg5 Nxg5+ 44. Kf4 Ne6+ 45. Kf5 Nd4+ 46. Ke4 Ne6 47. Qd6 Ng5+ 48. Kf5 Ne6 49. Qd7 Nd4+ 50. Ke4 Ne6 51. Qa7 Bd4 52. Qa5 Bf6 53. Kd5 Nf4+ 54. Kd6 Ne6 55. Kd7 Kf8 56. Qb4+ Kg7 57. Ke8 Nc7+ 58. Kd7 Nd5 59. Qc5 Nf4 60. g5 Bb2 61. Ke8 Ne6 62. Qe7 Kh8 63. Kxf7 Ng7 64. g6 Nf5 65. Qf8# 1-0


[Site "https://www.chess.com"]

[Event "Titled Tuesday Blitz April 19 Early 2022"]
[White "Vokarev, Sergey"]
[Black "Popadic, Dragan"]
[WhiteFideId "4119711"]
[BlackFideId "913650"]
[WhiteElo "2343"]
[BlackElo "2203"]
[Result "0-1"]
[Round "05"]
[TimeControl "180+1"]
[Date "2022.04.19"]
[WhiteClock "0:00:01"]
[BlackClock "0:00:10"]

1. e4 c5 2. Nf3 Nc6 3. d4 cxd4 4. Nxd4 Nf6 5. Nc3 e5 6. Ndb5 d6 7. Bg5 a6 8. Na3 b5 9. Nd5 Be7 10. Bxf6 Bxf6 11. c4 b4 12. Nc2 O-O 13. Qf3 Bg5 14. h4 Bh6 15. Rd1 Rb8 16. b3 a5 17. Be2 Kh8 18. g4 Bf4 19. Nxf4 exf4 20. Qxf4 Ne5 21. g5 Qe7 22. h5 Bb7 23. Ne3 Rbd8 24. Nf5 Qe6 25. Kf1 g6 26. Ne3 f5 27. gxf6 Rxf6 28. Qh4 g5 29. Qxg5 Bxe4 30. Rg1 Rg8 31. Qxg8+ Qxg8 32. Rxg8+ Kxg8 33. Rd4 Bb7 34. Ng4 Nxg4 35. Bxg4 Kf7 36. c5 Ke7 37. cxd6+ Rxd6 38. Rxd6 Kxd6 39. Ke2 Be4 40. Ke3 Bb1 41. Kd4 h6 42. Be2 Bxa2 43. Bd1 Bb1 44. f4 Bf5 45. Be2 Be6 46. Bc4 Bg4 47. Bf7 Bd1 48. f5 a4 49. bxa4 Bxa4 50. Kc4 Bd7 51. f6 Ke5 0-1


[Site "https://www.chess.com"]

[Event "Titled Tuesday Blitz April 19 Early 2022"]
[White "Vokhidov, Shamsiddin"]
[Black "Sjugirov, Sanan"]
[WhiteFideId "14204223"]
[BlackFideId "4189302"]
[WhiteElo "2611"]
[BlackElo "2602"]
[Result "1/2-1/2"]
[Round "05"]
[TimeControl "180+1"]
[Date "2022.04.19"]
[WhiteClock "0:00:34"]
[BlackClock "0:00:13"]

1. e4 c6 2. d4 d5 3. e5 Bf5 4. h4 h5 5. Bd3 Bxd3 6. Qxd3 Qa5+ 7. Nd2 e6 8. Nf3 Nh6 9. O-O Nf5 10. Nb3 Qa6 11. Qd1 b6 12. Bg5 c5 13. dxc5 bxc5 14. c3 Nc6 15. Re1 Rb8 16. Qc2 Qa4 17. Qe2 Qb5 18. c4 Qxc4 19. Qxc4 dxc4 20. Nbd2 Rxb2 21. Nxc4 Rb4 22. Rac1 Be7 23. Bxe7 Kxe7 24. Nd6 Nxd6 25. Rxc5 Rb6 26. exd6+ Kxd6 27. Rec1 f6 28. Nd2 Ra6 29. Ne4+ Kc7 30. R5c2 Rb6 31. Nc5 Re8 32. Na4 Ra6 33. Nc5 Rb6 34. Na4 Ra6 35. Nc5 Rb6 1/2-1/2


[Site "https://www.chess.com"]

[Event "Titled Tuesday Blitz April 19 Early 2022"]
[White "Vusatiuk, Vladimir"]
[Black "Soucek, Petr"]
[WhiteFideId "14118610"]
[BlackFideId "23715170"]
[WhiteElo "2157"]
[BlackElo "1979"]
[Result "1-0"]
[Round "05"]
[TimeControl "180+1"]
[Date "2022.04.19"]
[WhiteClock "0:01:03"]
[BlackClock "0:00:29"]

1. e4 d6 2. d4 Nf6 3. Nc3 g6 4. g3 Bg7 5. Bg2 O-O 6. Nge2 e5 7. h3 exd4 8. Nxd4 Re8 9. O-O Nc6 10. Be3 Nxd4 11. Bxd4 Be6 12. Qd2 Nd7 13. Bxg7 Kxg7 14. f4 Nc5 15. f5 Bd7 16. f6+ Kh8 17. Nd5 Bc6 18. Qh6 Rg8 19. Ne7 Bxe4 20. Rf4 Qf8 21. Qxf8 Rgxf8 22. Bxe4 Nxe4 23. Rxe4 h6 24. Rae1 c6 25. c4 Rad8 26. Rd1 Rd7 27. Kf2 Kh7 28. h4 h5 29. g4 hxg4 30. Rxg4 Kh6 31. Rh1 d5 32. h5 gxh5 33. Nf5+ Kh7 34. Rxh5# 1-0


[Site "https://www.chess.com"]

[Event "Titled Tuesday Blitz April 19 Early 2022"]
[White "Weishaeutel, Moritz"]
[Black "Mayaud, Raphael"]
[WhiteFideId "12967300"]
[BlackFideId "627151"]
[WhiteElo "2002"]
[BlackElo "2191"]
[Result "1-0"]
[Round "05"]
[TimeControl "180+1"]
[Date "2022.04.19"]
[WhiteClock "0:00:48"]
[BlackClock "0:00:04"]

1. e4 d5 2. exd5 Qxd5 3. Nf3 Bg4 4. Be2 Nc6 5. d4 O-O-O 6. O-O Bxf3 7. Bxf3 Qxd4 8. Qe2 Qe5 9. Qc4 Qf6 10. Bxc6 Qxc6 11. Qxf7 e5 12. Bg5 Nf6 13. Nc3 Bb4 14. Qxg7 Bxc3 15. Qxf6 Bxb2 16. Qxc6 bxc6 17. Rab1 Bd4 18. Bxd8 Rxd8 19. Rfd1 Rd5 20. Rb3 Ra5 21. a3 Rc5 22. c3 Bxc3 23. Rc1 Bd4 24. Rxc5 Bxc5 25. Rh3 a5 26. a4 Bd6 27. Rxh7 c5 28. Rh4 Kd7 29. Rg4 Ke6 30. h4 Kf5 31. f3 c4 32. Rxc4 c5 33. Rg4 Ke6 34. h5 Bf8 35. Kf2 Kd5 36. Ke2 c4 37. Kd2 Bb4+ 38. Kc2 Bf8 39. Rg8 Bh6 40. Rg6 1-0


[Site "https://www.chess.com"]

[Event "Titled Tuesday Blitz April 19 Early 2022"]
[White "Yanayt, Eugene"]
[Black "Kadam, Om Manish"]
[WhiteFideId "2020165"]
[BlackFideId "45076294"]
[WhiteElo "2046"]
[BlackElo "1729"]
[Result "1-0"]
[Round "05"]
[TimeControl "180+1"]
[Date "2022.04.19"]
[WhiteClock "0:00:05"]
[BlackClock "0:00:08"]

1. Nf3 d5 2. g3 Nf6 3. Bg2 c6 4. O-O Nbd7 5. c4 e6 6. d4 Bd6 7. Nc3 O-O 8. Qc2 h6 9. Rd1 b6 10. e4 dxe4 11. Nxe4 Nxe4 12. Qxe4 Bb7 13. Be3 Qc7 14. Qh4 c5 15. d5 exd5 16. cxd5 Rae8 17. Bxh6 gxh6 18. Qxh6 f6 19. Qg6+ Kh8 20. Rac1 Re7 21. Rc4 Rh7 22. Rh4 Rxh4 23. Nxh4 Ne5 24. Qf5 Bc8 25. Qe4 Qh7 26. Qe3 Bg4 27. f3 Bd7 28. h3 Rg8 29. f4 Nc4 30. Qc3 Ne5 31. fxe5 Bxe5 32. Qa3 Rxg3 33. Qxa7 Qxh4 34. Qxd7 Qg5 35. Qe8+ Kh7 36. Qf7+ Kh6 37. Qf8+ Kh5 38. Qh8+ Kg6 39. Qg8+ Kh6 40. Qh8+ Kg6 41. Qg8+ Kf5 42. Qxg5+ fxg5 43. d6 Bf6 44. d7 Bd8 45. Kf2 Kf4 46. Rd6 b5 47. Re6 Rd3 48. Rc6 c4 49. Ra6 Rxd7 50. Ke2 Bf6 51. Bc6 Re7+ 52. Kd2 Bxb2 53. Bxb5 c3+ 54. Kc2 Re3 55. Bd3 Rxh3 56. Rf6+ Kg4 57. Bf5+ Kh4 58. Rh6+ Kg3 59. Rxh3+ Kf4 60. Bd7 g4 61. Bxg4 Kxg4 62. Rh6 Kf5 63. Rd6 Ke5 64. Rd3 1-0


[Site "https://www.chess.com"]

[Event "Titled Tuesday Blitz April 19 Early 2022"]
[White "Yeletsky, Ivan"]
[Black "Wieczorek, Oskar"]
[WhiteFideId "24180327"]
[BlackFideId "1133950"]
[WhiteElo "2319"]
[BlackElo "2319"]
[Result "1/2-1/2"]
[Round "05"]
[TimeControl "180+1"]
[Date "2022.04.19"]
[WhiteClock "0:00:07"]
[BlackClock "0:00:07"]

1. d4 Nf6 2. c4 c5 3. d5 b5 4. cxb5 a6 5. f3 e6 6. e4 exd5 7. e5 Qe7 8. Qe2 Ng8 9. Nc3 Bb7 10. Nh3 c4 11. Nf4 Qc5 12. Nfxd5 Bxd5 13. Be3 Qb4 14. O-O-O Be6 15. f4 Nh6 16. Qf3 Bc5 17. Bxc5 Qxc5 18. Qxa8 O-O 19. Qe4 axb5 20. Qd4 Qc6 21. Qd6 Qb7 22. Be2 Nf5 23. Qc5 b4 24. Bf3 Qa6 25. Qxb4 Nc6 26. Qb5 Qa7 27. Bxc6 dxc6 28. Qxc6 Qe3+ 29. Kb1 Nd4 30. Rxd4 Qxd4 31. Qe4 Qd7 32. Rd1 Qc8 33. Ka1 h6 34. h3 Bf5 35. Qd4 Bd3 36. Nd5 Kh8 37. Ne3 Rd8 38. Qc3 Rd7 39. a3 Rc7 40. g4 Qa6 41. Nd5 Rb7 42. Nb4 Qa4 43. Rc1 Be2 44. f5 Rd7 45. e6 fxe6 46. fxe6 Rd1 47. Rxd1 Qxd1+ 48. Ka2 Qd6 49. Qe3 Bd1 50. e7 Bb3+ 51. Kb1 Qd1+ 52. Qc1 Qe2 53. Nd5 Qe4+ 54. Ka1 Kg8 55. h4 Ba4 56. Nb6 Bb5 57. Nc8 Bd7 58. Nd6 Qxe7 59. Qxc4+ Kh7 60. Qe4+ Qxe4 61. Nxe4 Bxg4 62. a4 Bf3 63. Nd2 Bc6 64. b4 g5 65. hxg5 hxg5 66. Kb2 Bxa4 67. Kc3 Kg6 68. Kd4 Kf5 69. Kc5 g4 70. Nc4 g3 71. b5 Bxb5 72. Kxb5 Ke4 73. Nd2+ Kd3 74. Nf3 g2 75. Ne1+ Ke2 76. Nxg2 1/2-1/2


[Site "https://www.chess.com"]

[Event "Titled Tuesday Blitz April 19 Early 2022"]
[White "Zanette, Edgard Vinicius"]
[Black "Karas, Marek"]
[WhiteFideId "2109263"]
[BlackFideId "14928558"]
[WhiteElo "2182"]
[BlackElo "2271"]
[Result "1-0"]
[Round "05"]
[TimeControl "180+1"]
[Date "2022.04.19"]
[WhiteClock "0:01:04"]
[BlackClock "0:02:06"]

1. e4 e6 2. d4 d5 3. Nc3 Nf6 4. Bg5 Be7 5. e5 Nfd7 6. h4 h6 7. Bxe7 Qxe7 8. Qd2 O-O 9. O-O-O c5 10. f4 Nc6 11. Nf3 f6 12. exf6 Qxf6 13. g3 b6 14. Bh3 cxd4 15. Nxd4 Nxd4 16. Qxd4 Nc5 17. Qxf6 Rxf6 18. Rhe1 Bd7 19. b4 Na4 20. Nxa4 Bxa4 21. Bxe6+ Kf8 22. Bxd5 Rc8 23. Bb3 Bc6 24. Re5 Rc7 25. Rd8+ 1-0


[Site "https://www.chess.com"]

[Event "Titled Tuesday Blitz April 19 Early 2022"]
[White "Zhigalko, Sergei"]
[Black "Nakamura, Hikaru"]
[WhiteFideId "13502956"]
[BlackFideId "2016192"]
[WhiteElo "2662"]
[BlackElo "2850"]
[Result "0-1"]
[Round "05"]
[TimeControl "180+1"]
[Date "2022.04.19"]
[WhiteClock "0:00:02"]
[BlackClock "0:00:20"]

1. e4 e5 2. Nf3 Nc6 3. Bc4 Bc5 4. b4 Bb6 5. a4 a6 6. Nc3 d6 7. Nd5 Ba7 8. d3 h6 9. O-O Nf6 10. c3 Nxd5 11. Bxd5 Ne7 12. Bb3 Ng6 13. Be3 O-O 14. Bxa7 Rxa7 15. d4 Qf6 16. dxe5 dxe5 17. Qd2 Ra8 18. Qe3 Bg4 19. Nd2 Nf4 20. f3 Bh3 21. Rf2 Rad8 22. Nf1 Bxg2 23. Rxg2 Rd3 24. Qe1 Nxg2 25. Kxg2 Qxf3+ 26. Kg1 Rxc3 27. Bd1 Qd3 28. Bg4 Qd4+ 29. Kh1 Rd8 30. Ng3 g6 31. b5 h5 32. Bxh5 Rxg3 33. hxg3 gxh5 34. bxa6 bxa6 35. Kh2 Qd2+ 36. Kh3 Qxe1 37. Rxe1 Rd4 38. Kh4 Rxa4 39. Kxh5 a5 40. Kg5 Kg7 41. Kf5 Ra3 42. g4 a4 43. Rc1 Rf3+ 44. Kxe5 Rf6 0-1


[Site "https://www.chess.com"]